 Dungeon Crawl Stone Soup version 0.24-a0-487-g57318f2ed0 (webtiles) character file.

Game seed: 17628666917251028238

27857 Gynju the Fighter (level 13, 0/116 HPs)
             Began as a Black Draconian Conjurer on July 10, 2019.
             Was an Elder of Vehumet.
             Slain by a seven-headed hydra (8 damage)
             ... on level 4 of the Lair of Beasts on July 11, 2019.
             The game lasted 01:00:42 (27333 turns).

Gynju the Fighter (Black Draconian Conjurer)       Turns: 27333, Time: 01:00:42

Health: 0/116      AC: 17    Str: 11    XL:     13   Next: 6%
Magic:  6/25       EV: 21    Int: 19    God:    Vehumet [****..]
Gold:   972        SH:  7    Dex: 22    Spells: 10/28 levels left

rFire    + . .     SeeInvis .   y - +8 whip "Snakebite" {curare, rPois}
rCold    . . .     Gourm    +   x - +1 buckler {AC+3}
rNeg     . . .     Faith    .   (armour unavailable)
rPois    +         Spirit   .   (helmet restricted)
rElec    +         Reflect  .   Q - +0 cloak
rCorr    .         Harm     .   O - +0 pair of fencer's gloves {Riposte Dex+3}
MR       .....                  M - +0 pair of boots
Stlth    ++........             r - amulet of the gourmand
HPRegen  0.29/turn              C - +3 ring of protection
MPRegen  0.19/turn              f - ring "Empagog" {rF+ Dex+6}

@: very slightly contaminated, very slow
A: breathe lightning, unfitting armour, electricity resistance, cold-blooded, AC
+8
a: Breathe Lightning, Renounce Religion


You were on level 4 of the Lair of Beasts.
You worshipped Vehumet.
Vehumet was greatly pleased with you.
You were full.

You visited 3 branches of the dungeon, and saw 17 of its levels.

You collected 972 gold pieces.

Inventory:

Hand Weapons
 m - a +2 whip of venom
 y - the +8 whip "Snakebite" (weapon) {curare, rPois}
   (You found it on level 1 of the Lair of Beasts)

   It poisons the flesh of those it strikes.
   It protects you from poison.
Missiles
 g - 375 stones (quivered)
 h - 63 sling bullets
 j - 2 silver javelins
Armour
 x - a +1 buckler of protection (worn)
 M - a +0 pair of boots (worn)
 O - the +0 pair of fencer's gloves (worn) {Riposte Dex+3}
   (You found it on level 1 of the Lair of Beasts)

   It affects your dexterity (+3).
 Q - a +0 cloak (worn)
Magical Staves
 A - an uncursed staff of power
Jewellery
 f - the ring "Empagog" (right hand) {rF+ Dex+6}
   (You found it on level 4 of the Dungeon)

   [ring of protection from fire]

   It affects your dexterity (+6).
   It protects you from fire.
 i - an uncursed ring of see invisible
 r - an amulet of the gourmand (around neck)
 C - a +3 ring of protection (left hand)
 G - an uncursed ring of protection from magic
 H - an uncursed ring of fire
Wands
 k - a wand of flame (79)
 D - a wand of scattershot (5)
 E - a wand of acid (16)
 I - a wand of iceblast (17)
 R - a wand of random effects (22)
 T - a wand of paralysis (5)
 V - a wand of disintegration (14)
Scrolls
 d - 13 scrolls of remove curse
 n - 3 scrolls of enchant weapon
 o - a scroll of magic mapping
 p - a scroll of blinking
 s - 10 scrolls of teleportation
 v - 2 scrolls of amnesia
 J - 4 scrolls of identify
 K - a scroll of vulnerability {unknown}
 L - a scroll of torment
 S - 2 scrolls of enchant armour {unknown}
Potions
 a - 4 potions of lignification
 c - 9 potions of curing
 e - 2 potions of might {unknown}
 l - a potion of agility {unknown}
 q - 3 potions of heal wounds
 t - 3 potions of resistance
 u - 3 potions of flight
 w - 2 potions of haste {unknown}
 z - 4 potions of brilliance {unknown}
 B - a potion of ambrosia {unknown}
 F - 3 potions of degeneration
 P - a potion of cancellation {unknown}
Miscellaneous
 N - a lamp of fire
Comestibles
 b - 33 rations


   Skills:
 + Level 11.3 Fighting
 + Level 7.1 Maces & Flails
 + Level 9.9 Dodging
 - Level 5.0 Stealth
 - Level 4.0 Shields
 - Level 8.0 Spellcasting
 - Level 8.0 Conjurations
 - Level 5.0 Hexes
 + Level 4.1 Translocations
 + Level 0.5 Earth Magic
 - Level 5.0 Evocations


You had 10 spell levels left.
You knew the following spells:

 Your Spells              Type           Power        Failure   Level  Hunger
a - Magic Dart            Conj           ####         1%          1    None
b - Iskenderun's Mystic   Conj           #####...     1%          4    ###....
c - Searing Ray           Conj           #####.       1%          2    None
d - Shock                 Conj/Air       ###.         1%          1    None
e - Confuse               Hex            ####....     3%          3    None
f - Blink                 Tloc           N/A          2%          2    None
g - Lee's Rapid Deconstr  Erth           #.........   45%         5    #####..

Your spell library contained the following spells:

 Spells                   Type           Power        Failure   Level  Hunger
 Confusing Touch          Hex            ####..       1%          1    None
 Slow                     Hex            ####....     1%          2    None
 Conjure Flame            Conj/Fire      ###.....     1%          3    None
 Dazzling Spray           Conj/Hex       ####..       1%          3    None
 Fulminant Prism          Conj/Hex       ####......   1%          4    ###....
 Mephitic Cloud           Conj/Pois/Air  ###.....     2%          3    None
 Force Lance              Conj/Tloc      ####....     2%          4    ###....
 Gell's Gravitas          Tloc           ###.......   4%          3    None
 Call Imp                 Summ           #.......     14%         2    None
 Yara's Violent Unravell  Hex/Tmut       ###.......   22%         5    #####..
 Petrify                  Tmut/Erth      #.......     63%         4    ###....
 Metabolic Englaciation   Hex/Ice        ###.......   65%         5    #####..


Dungeon Overview and Level Annotations

Branches:
Dungeon (11/15)            Temple (1/1) D:7            Lair (5/6) D:11
 Shoals (0/4) Lair:4       Spider (0/4) Lair:2        Slime (0/5) Lair:5
    Orc (0/2) D:11

Altars:
Ashenzari
Cheibriados
Dithmenos
Elyvilon
Fedhas
Gozag
Hepliaklqana
Kikubaaqudgha
Makhleb
Nemelex Xobeh
Okawaru
Qazlal
Ru
Sif Muna
Trog
Uskayaw
Vehumet
Wu Jian
Xom
Yredelemnul
Zin
The Shining One

Shops:
D:6 *   D:8 =

Annotations:
D:5 Sigmund
D:9 exclusion: two-headed ogre


Innate Abilities, Weirdness & Mutations

You can breathe wild blasts of lightning.
Your glossy black scales are hard. (AC +8)
You cannot fit into any form of body armour.
You are resistant to electric shocks. (rElec)
You are cold-blooded and may be slowed by cold attacks.


Message History

Press: ? - help, Dir - move target cursor, p - spiny frog You can't see that place. [the floor.]
Okay, then.
Blink to where?
Press: ? - help, Dir - move target cursor, p - spiny frog You are very lightly contaminated with residual magic.
As you read the scroll of blinking, it crumbles to dust.
Why would you want to do that?
You enter the shallow water.
Moving in this stuff is going to be slow.
You block the seven-headed hydra's attack. x2
The seven-headed hydra closely misses you.
The seven-headed hydra completely misses you.
The seven-headed hydra misses you.
The seven-headed hydra barely misses you.
The seven-headed hydra misses you.
The seven-headed hydra bites you but does no damage.
The seven-headed hydra bites you!
You die...

...≈≈≈≈≈≈≈...≈≈≈≈≈≈..P##
............≈≈≈≈≈≈≈≈≈.P#
.......>...≈≈≈≈≈≈≈≈≈≈≈##
............≈≈≈.≈≈≈≈≈.#
..........^.≈≈≈≈<≈≈≈≈≈#
............≈≈≈≈..≈≈≈.#
............b≈≈≈≈≈≈≈≈≈#
..........(..≈≈≈≈≈≈≈≈.#### #####
............≈.≈≈@≈≈≈..##.####.#.#
...............DYF..P.....#......
.................................
.................................
.................................
....>............................
.................................
....#............................
................(................


You could see a seven-headed hydra, a yak and a spiny frog.

Vanquished Creatures
  4 hydras
  3 two-headed ogres
  Nergalle (Lair:2)
  An unseen horror (D:11)
  An ugly thing (D:11)
  An elephant (Lair:5)
  6 black mambas
  5 spiny frogs
  A rime drake (Lair:2)
  2 centaur skeletons
  4 komodo dragons
  2 hornets
  5 polar bears (Lair:4)
  4 trolls
  5 hippogriffs
  A snapping turtle (Lair:4)
  11 blink frogs
  2 wraiths (D:11)
  10 yaks
  Eustachio (D:6)
  A basilisk (Lair:1)
  2 steam dragons
  13 water moccasins
  7 porcupines
  2 orc warriors
  A sky beast (D:10)
  5 ice beasts
  A phantom (D:8)
  3 black bears
  2 eyes of draining
  2 ogres
  15 wolves
  5 centaurs
  3 big kobolds
  9 crocodiles
  7 bullfrogs
  5 scorpions
  A water moccasin skeleton (D:9)
  4 killer bees (D:11)
  4 howler monkeys
  A wight (D:9)
  2 electric eels (D:11)
  3 crimson imps
  A quasit (D:6)
  A centaur zombie (D:7)
  6 orc priests
  10 hounds
  2 jellies
  2 bullfrog skeletons
  3 iguanas
  Natasha (thrice) (D:2)
  11 orc wizards
  7 worker ants
  A killer bee zombie (D:9)
  A hound skeleton (D:4)
  A hound zombie (D:5)
  2 worker ant zombies
  8 adders
  A howler monkey skeleton (D:4)
  3 shadow imps
  A white imp (D:9)
  2 oozes
  2 adder skeletons (D:7)
  2 worms
  4 dart slugs
  2 leopard geckos (D:4)
  37 orcs
  5 giant cockroaches
  8 goblins
  5 hobgoblins
  7 jackals
  2 quokkas
  A ball python (D:5)
  7 bats
  2 frilled lizards
  2 goblin skeletons (D:9)
  A goblin zombie (D:9)
  3 hobgoblin zombies (D:9)
  7 kobolds
  6 kobold skeletons (D:9)
  2 orc skeletons (D:9)
  An orc zombie (D:9)
  A quokka skeleton (D:4)
  2 rats (D:3)
343 creatures vanquished.

Vanquished Creatures (others)
  3 fungi (D:6)
3 creatures vanquished.

Grand Total: 346 creatures vanquished

Notes
Turn   | Place    | Note
-------+----------+-------------------------------------------
     0 | D:1      | Gynju the Draconian Conjurer began the quest for the Orb.
     0 | D:1      | Reached XP level 1. HP: 14/14 MP: 3/3
   299 | D:1      | Reached XP level 2. HP: 20/20 MP: 0/5
   949 | D:1      | Reached XP level 3. HP: 26/26 MP: 2/7
  1258 | D:2      | Noticed Natasha
  1264 | D:2      | Killed Natasha
  1576 | D:2      | Noticed Natasha
  1605 | D:2      | Found a white marble altar of Elyvilon.
  1608 | D:2      | Found a snail-covered altar of Cheibriados.
  1611 | D:2      | Found an opulent altar of Gozag.
  2013 | D:3      | Reached XP level 4. HP: 33/33 MP: 3/8
  2376 | D:3      | Reached skill level 5 in Conjurations
  2655 | D:3      | Reached XP level 5. HP: 23/38 MP: 6/10
  3463 | D:2      | Found an ancient bone altar of Kikubaaqudgha.
  3463 | D:2      | Found a bloodstained altar of Trog.
  3468 | D:2      | Killed Natasha
  3687 | D:2      | Noticed Natasha
  3693 | D:2      | Killed Natasha
  4142 | D:4      | Got a steaming bone ring
  4145 | D:4      | Identified the ring "Empagog" {rF+ Dex+6} (You found it on
                  | level 4 of the Dungeon)
  4466 | D:4      | Found a shadowy altar of Dithmenos.
  4636 | D:4      | Reached XP level 6. HP: 27/45 MP: 1/12
  4810 | D:4      | Found a blossoming altar of Fedhas.
  5083 | D:5      | Entered Level 5 of the Dungeon
  5190 | D:5      | Reached skill level 5 in Spellcasting
  5306 | D:5      | Learned a level 4 spell: Iskenderun's Mystic Blast
  5542 | D:5      | Your scales start taking on a glossy black colour.
  5542 | D:5      | Reached XP level 7. HP: 50/50 MP: 14/14
  5542 | D:5      | Gained mutation: You are resistant to electric shocks.
                  | (rElec) [Black Draconian growth]
  5634 | D:5      | Found a basalt altar of Yredelemnul.
  6161 | D:5      | Noticed Sigmund
  6991 | D:5      | Reached skill level 1 in Fighting
  7079 | D:6      | Reached skill level 1 in Shields
  7466 | D:6      | Reached XP level 8. HP: 61/61 MP: 1/16
  7644 | D:6      | Reached skill level 2 in Fighting
  7691 | D:6      | Noticed a hornet
  7704 | D:6      | Killed a hornet
  7841 | D:6      | Found a hide-covered altar of Uskayaw.
  7852 | D:6      | Found Foar's Assorted Antiques.
  8055 | D:6      | Noticed Eustachio
  8075 | D:6      | Killed Eustachio
  8075 | D:6      | Reached skill level 3 in Fighting
  8236 | D:6      | Found a deep blue altar of Sif Muna.
  8419 | D:6      | Found a hazy altar of Hepliaklqana.
  8420 | D:6      | Found a shimmering altar of Xom.
  8421 | D:6      | Noticed a spectral ugly thing
  9006 | D:6      | Learned a level 2 spell: Searing Ray
  9082 | D:7      | Reached XP level 9. HP: 69/71 MP: 14/18
  9428 | D:7      | Reached skill level 4 in Fighting
  9428 | D:7      | Reached skill level 1 in Evocations
  9547 | D:7      | Found a blossoming altar of Fedhas.
  9677 | D:7      | Found a staircase to the Ecumenical Temple.
  9686 | Temple   | Entered the Ecumenical Temple
  9810 | Temple   | Became a worshipper of Vehumet
 11009 | D:7      | Found a burning altar of Makhleb.
 11161 | D:8      | Found a hide-covered altar of Uskayaw.
 11380 | D:8      | Found Cigeof's Jewellery Shoppe.
 12228 | D:8      | Noticed a two-headed ogre
 12231 | D:8      | Reached skill level 5 in Fighting
 12301 | D:8      | Killed a two-headed ogre
 12301 | D:8      | Reached skill level 5 in Dodging
 12719 | D:9      | Reached * piety under Vehumet
 12719 | D:9      | Offered knowledge of Flame Tongue by Vehumet.
 12783 | D:9      | Reached XP level 10. HP: 81/81 MP: 21/21
 13216 | D:9      | Noticed a two-headed ogre
 13434 | D:9      | Found a glowing golden altar of the Shining One.
 13867 | D:9      | Paralysed by a hornet for 3 turns
 13963 | D:9      | Noticed a two-headed ogre
 14135 | D:9      | Killed a two-headed ogre
 14135 | D:9      | Reached skill level 6 in Fighting
 14399 | D:9      | Noticed a two-headed ogre
 14894 | D:9      | Offered knowledge of Shock by Vehumet.
 14897 | D:9      | Learned a level 1 spell: Shock
 15280 | D:10     | Entered Level 10 of the Dungeon
 15467 | D:9      | Reached skill level 5 in Stealth
 16371 | D:10     | Reached ** piety under Vehumet
 16371 | D:10     | Reached skill level 5 in Evocations
 16494 | D:10     | Reached skill level 7 in Fighting
 16824 | D:10     | Reached skill level 1 in Maces & Flails
 17886 | D:11     | Noticed a white ugly thing
 18151 | D:11     | Reached XP level 11. HP: 91/92 MP: 23/23
 18457 | D:11     | Noticed an unseen horror
 18469 | D:11     | Killed an unseen horror
 18587 | D:11     | Noticed a two-headed ogre
 18595 | D:11     | Killed a two-headed ogre
 18595 | D:11     | Reached skill level 8 in Fighting
 19182 | D:11     | Found a staircase to the Lair.
 19193 | D:11     | Learned a level 3 spell: Confuse
 19350 | D:11     | Reached skill level 1 in Hexes
 19758 | D:11     | Found a staircase to the Orcish Mines.
 20007 | D:11     | Killed a white ugly thing
 20132 | Lair:1   | Entered Level 1 of the Lair of Beasts
 20227 | Lair:1   | Found the +0 pair of fencer's gloves {Riposte Dex+3}
 20849 | Lair:1   | Reached skill level 9 in Fighting
 21045 | Lair:1   | Offered knowledge of Stone Arrow by Vehumet.
 21208 | Lair:1   | Found the +8 whip "Snakebite" {curare, rPois}
 21507 | Lair:1   | Noticed a seven-headed hydra
 21515 | Lair:1   | Killed a seven-headed hydra
 21687 | Lair:1   | Noticed a four-headed hydra
 21696 | Lair:1   | Killed a four-headed hydra
 21863 | Lair:1   | Reached XP level 12. HP: 106/106 MP: 17/24
 21975 | Lair:1   | Reached *** piety under Vehumet
 22520 | Lair:1   | Reached skill level 10 in Fighting
 22523 | Lair:1   | Offered knowledge of Inner Flame by Vehumet.
 22529 | Lair:1   | Reached skill level 5 in Maces & Flails
 23066 | Lair:2   | Reached skill level 5 in Hexes
 23403 | Lair:2   | Learned a level 2 spell: Blink
 23405 | Lair:2   | Found a hole to the Spider Nest.
 23424 | Lair:2   | Noticed Nergalle
 23441 | Lair:2   | Killed Nergalle
 23816 | Lair:3   | Reached skill level 1 in Translocations
 24643 | Lair:3   | Reached **** piety under Vehumet
 25837 | Lair:4   | Offered knowledge of Lee's Rapid Deconstruction by Vehumet.
 25844 | Lair:4   | Learned a level 5 spell: Lee's Rapid Deconstruction
 26253 | Lair:4   | Reached skill level 11 in Fighting
 26478 | Lair:4   | Noticed a four-headed hydra
 26478 | Lair:4   | Noticed a seven-headed hydra
 26484 | Lair:4   | Killed a four-headed hydra
 26494 | Lair:4   | Killed a seven-headed hydra
 26801 | Lair:4   | Reached XP level 13. HP: 67/116 MP: 13/25
 27102 | Lair:4   | Found a staircase to the Shoals.
 27279 | Lair:5   | Found a staircase to the Slime Pits.
 27325 | Lair:4   | HP: 5/116 [seven-headed hydra (13)]
 27333 | Lair:4   | Slain by a seven-headed hydra

Levels and vault maps discovered:
D:1:      lemuel_arrival_behind_the_door_small, layout_loops_ring
D:2:      layout_loops_ring, grunt_temple_overflow_diamond,
          nicolae_overflow_hidden_temple, chequers_jeans, uniq_natasha
D:3:      cheibrodos_pilgrimage, layout_basic
D:4:      layout_gridville, kennysheep_little_box, lemuel_round_altar,
          first_ration
D:5:      kennysheep_spiral_hall, layout_basic, lemuel_doored_altar,
          st_stairs_4, uniq_sigmund
D:6:      kennysheep_steamy, layout_basic, regret_index_temple_of_mockery,
          eat_drink_and_be_merry_uskayaw, serial_shops,
          nicolae_shop_temple_entry_statues_fountains, nicolae_benzene_ring,
          serial_bayou_pond_a, led_sif_pool, uniq_eustachio
D:7:      layout_layer_cave, makhleb_heckhound_becter, temple_fountains,
          basic_altar
D:8:      layout_layer_cave, serial_shops, shop, basic_altar
D:9:      wad_guarded_room, layout_small_grid, nicolae_tso_besieged_by_evil
D:10:     layout_long_grid, blue_anna_alchemist [blue_anna_fruit_fields,
          blue_anna_fruit_fields]
D:11:     layout_basic, erik_lair_island, orc_0_dummy
Temple:   compressed_dpeg_triangle_lava_temple
Lair:1:   minmay_guarded_unrand_snakebite, layout_loops_ring
Lair:2:   layout_cave_shapes, spider_nest_entry_web_field, uniq_nergalle
Lair:3:   layout_cave_pods
Lair:4:   layout_hall_layers, minmay_shoals_entry_hut, beast_lair_carwin_9,
          lemuel_fruit_fields, grunt_megastairs_4, infiniplex_staircase_pool_2
Lair:5:   layout_loops_ring, slime_altar_1, beast_lair_carwin_6,
          lemuel_fruit_tree, uniq_snorg

Skill      XL: |  1  2  3  4  5  6  7  8  9 10 11 12 13 |
---------------+----------------------------------------+-----
Spellcasting   | 3 4 5 6 7 8 |  8.0
Conjurations   | 5 6 7 8 |  8.0
Dodging        | 2 3 5 6 8 9 |  9.9
Fighting       | 1 3 5 7 9 11 | 11.3
Shields        | 1 3 4 |  4.0
Stealth        | 4 5 |  5.0
Evocations     | 3 5 |  5.0
Maces & Flails | 2 4 7 |  7.1
Hexes          | 4 5 |  5.0
Translocations | 3 4 |  4.1
Earth Magic    | |  0.5

Action                   |  1- 3 |  4- 6 |  7- 9 | 10-12 | 13-15 || total
-------------------------+-------+-------+-------+-------+-------++-------
Melee: Dagger            |    15 |       |       |       |       ||    15
       Tailslap          |     2 |     2 |    12 |    39 |     6 ||    61
       Whip              |     8 |    32 |    57 |   159 |    14 ||   270
       Staff             |       |       |       |    14 |       ||    14
 Cast: Magic Dart        |    65 |   139 |   356 |   741 |     3 ||  1304
       Iskenderun's Myst |       |       |    34 |   169 |    11 ||   214
       Shock             |       |       |       |     4 |       ||     4
       Confuse           |       |       |       |     2 |       ||     2
  Use: Scroll            |       |     9 |     3 |     9 |     1 ||    22
       Potion            |       |       |     3 |     1 |     2 ||     6
 Stab: Sleeping          |     1 |       |     1 |       |       ||     2
       Invisible         |       |       |     1 |       |       ||     1
       Confused          |       |       |       |     2 |       ||     2
  Eat: Chunk             |     4 |    10 |    20 |    68 |       ||   102
       Ration            |       |       |     2 |     1 |       ||     3
Armor: Skin              |    10 |    28 |    49 |   188 |    20 ||   295
Dodge: Dodged            |    15 |    40 |    87 |   492 |    70 ||   704
Block: Buckler           |       |       |    57 |   212 |    27 ||   296
       Rpst.: Staff      |       |       |       |    18 |       ||    18
       Whip              |       |       |       |    72 |     9 ||    81

Table legend:
 A = Non-vault XP
 B = Vault XP
 C = Vault XP percentage of total XP
 D = Non-vault monster count
 E = Vault monster count
 F = Vault count percentage of total count
                 A         B        C        D         E       F
            +---------+---------+-------+---------+---------+-------
      Total |   28376 |   11421 |  28.7 |     268 |      75 |  21.9
            +---------+---------+-------+---------+---------+-------
        D:1 |      42 |       0 |   0.0 |      19 |       0 |   0.0
        D:2 |      85 |      36 |  29.8 |       8 |       1 |  11.1
        D:3 |      34 |      94 |  73.4 |      12 |       7 |  36.8
        D:4 |     140 |       0 |   0.0 |      16 |       0 |   0.0
        D:5 |     614 |     123 |  16.7 |      24 |       2 |   7.7
        D:6 |    1209 |     378 |  23.8 |      24 |       2 |   7.7
        D:7 |    1033 |      40 |   3.7 |      24 |       1 |   4.0
        D:8 |    1582 |     187 |  10.6 |      13 |       1 |   7.1
        D:9 |    1288 |    1723 |  57.2 |      18 |      29 |  61.7
       D:10 |    1928 |     216 |  10.1 |      14 |       4 |  22.2
       D:11 |    4417 |     456 |   9.4 |      21 |       4 |  16.0
     Lair:1 |    7418 |    2377 |  24.3 |      34 |      11 |  24.4
     Lair:2 |    3602 |     800 |  18.2 |      16 |       1 |   5.9
     Lair:3 |    2180 |       0 |   0.0 |      13 |       0 |   0.0
     Lair:4 |    2804 |    4519 |  61.7 |      12 |      11 |  47.8
     Lair:5 |       0 |     472 | 100.0 |       0 |       1 | 100.0
            +---------+---------+-------+---------+---------+-------
